 Dungeon Crawl Stone Soup version 0.29.0-4-gdea44cf6ec (webtiles) character file.

Game seed: 1554288968200565520

154 qw the Chopper (level 5, -1/41 HPs)
             Began as a Demonspawn Cinder Acolyte on Sept 9, 2022.
             Was a High Priest of Ignis.
             Killed from afar by an orc wizard (3 damage)
             ... with a puff of flame
             ... on level 3 of the Dungeon.
             The game lasted 00:00:59 (2360 turns).

qw the Chopper (Demonspawn Cinder Acolyte)          Turns: 2360, Time: 00:00:59

Health: -1/41      AC: 15    Str: 16    XL:     5   Next: 13%
Magic:  6/6        EV:  6    Int: 16    God:    Ignis [*****.]
Gold:   139        SH:  0    Dex: 12    Spells: 6/6 levels left

rFire   + . .      SeeInvis .   Y - +0 hand axe (flame)
rCold   . . .      Faith    .   (no shield)
rNeg    . . .      Spirit   .   m - +0 chain mail
rPois   .          Reflect  .   (no helmet)
rElec   .          Harm     .   (no cloak)
rCorr   .          Rampage  .   (no gloves)
Will    .....                   (no boots)
Stlth   ..........              c - amulet of regeneration
HPRegen 0.93/turn               (no ring)
MPRegen 0.10/turn               (no ring)

@: fiery-armoured
A: thin skeletal structure 2, icemail 1, condensation shield
a: Renounce Religion, Fiery Armour, Foxfire Swarm, Rising Flame


You were on level 3 of the Dungeon.
You worshipped Ignis.
Ignis was extremely pleased with you.
You visited 1 branch of the dungeon, and saw 3 of its levels.

You collected 139 gold pieces.


Innate Abilities, Weirdness & Mutations

You have a moderately thin skeletal structure. (Dex +4, Stealth++)
A meltable icy envelope protects you from harm. (AC +0)
A meltable shield of frost defends you. (SH +0)


   Skills:
 - Level 3.0 Fighting
 + Level 5.0 Axes
 - Level 1.1 Armour
 - Level 1.0 Dodging
 - Level 1.0 Spellcasting
 - Level 2.6 Fire Magic


You had 6 spell levels left.
You didn't know any spells.
Your spell library contained the following spells:

 Spells                   Type           Power      Damage    Failure   Level
 Scorch                   Fire           18%        2d5       92%         2

Inventory:

Hand Weapons
 Y - a +0 hand axe of flaming (weapon)
Armour
 b - a scarf of invisibility
 m - a +0 chain mail (worn)
Jewellery
 c - an amulet of regeneration (around neck)
Scrolls
 a - a scroll of identify
Potions
 e - a potion of ambrosia {unknown}
 f - a potion of mutation {unknown}
 i - a potion of flight {unknown}
 j - a potion of curing {unknown}

Dungeon Overview and Level Annotations

Branches:
Dungeon (3/15)

Altars:

Shops:
D:1 [


Message History

The magic dart hits you.
Your Axes skill increases to level 5!
You bump into the rock wall.
You feel sick.
You are no longer poisoned.
The orc wizard completely misses you. The orc barely misses you.
You bump into the rock wall.
The orc hits you but does no damage.
The orc wizard hits you but does no damage.
You bump into the rock wall.
The orc wizard hits you but does no damage.
The orc hits you but does no damage.
You bump into the rock wall.
The orc barely misses you.
The orc wizard hits you with a +0 dagger.
You barely miss the orc wizard.
The orc wizard is severely wounded.
You hit the orc. You burn the orc. You hit the orc priest.
You burn the orc priest.
You feel less confused. The orc priest hits you with a +0 club.
The orc hits you with a +0 falchion.
The orc wizard hits you with a +0 dagger.
2359 ||| INVOKING Fiery Armour.
A protective cloak of flame settles atop you.
The orc wizard hits you but does no damage.
The orc wizard is burned by your cloak of flames.
The orc wizard is almost dead.
The orc priest begins to cast a cantrip, but forgets the words!
The orc closely misses you.
You closely miss the orc wizard.
The orc wizard is almost dead.
You hit the orc but do no damage. You hit the orc priest.
You burn the orc priest.
The orc priest looks encouraged for a moment.
The orc hits you but does no damage.
The orc is burned by your cloak of flames.
You kill the orc!
The orc wizard casts a spell at you. The puff of flame hits you. You resist.
You die...

##.....##.#.#
+.[###.##...#
#..###...####
##...###.########
#.#.# #........#
#.#?##########.#
#.#...# #.###o###
#.# #.@o# #+#
###)..# .##.# ..
... ... ##.# o{..
..


So... . .....) You could see an orc priest and an orc wizard.

Vanquished Creatures
  An orc priest (D:3)
  Jessica (D:2)
  4 adders
  2 worms (D:2)
  A dart slug (D:1)
  2 orcs (D:3)
  6 ball pythons
  6 bats
  5 endoplasms
  8 goblins
  4 hobgoblins
  4 jackals (D:2)
  2 kobolds
  A quokka (D:1)
  3 frilled lizards
  2 rats (D:1)
52 creatures vanquished.

Notes
Turn   | Place    | Note
-------+----------+-------------------------------------------
     0 | D:1      | qw the Demonspawn Cinder Acolyte began the quest for the
                  | Orb.
     0 | D:1      | Reached XP level 1. HP: 18/18 MP: 2/2
     0 | D:1      | 0 ||| qw: Version: 0.1-a-113-g051387a
     0 | D:1      | 0 ||| qw: Game counter: 7333
     0 | D:1      | 0 ||| qw: Always use a shield: true
     0 | D:1      | 0 ||| qw: God list: Okawaru
     0 | D:1      | 0 ||| qw: Allow faded altars: false
     0 | D:1      | 0 ||| qw: Do Orc after D:15 true
     0 | D:1      | 0 ||| qw: Do second Lair branch before Depths: true
     0 | D:1      | 0 ||| qw: Lair rune preference: random
     0 | D:1      | 0 ||| qw: Plans: Normal
     0 | D:1      | 0 ||| PLANNING D:1-11
   133 | D:1      | Found a faded altar of an unknown god.
   135 | D:1      | Found Louhuz's Armour Shoppe.
   158 | D:1      | Reached skill level 3 in Axes
   159 | D:1      | 159 ||| INVOKING Fiery Armour.
   171 | D:1      | Gained mutation: You have a somewhat thin skeletal
                  | structure. (Dex +2, Stealth+) [demonic ancestry]
   171 | D:1      | Reached XP level 2. HP: 13/24 MP: 3/3
   308 | D:1      | 308 ||| SHOPLISTING +0 chain mail (54 gold, have 0).
   308 | D:1      | 308 ||| SHOPLISTING +0 cloak (54 gold, have 0).
   308 | D:1      | 308 ||| SHOPLISTING +0 helmet (54 gold, have 0).
   308 | D:1      | 308 ||| SHOPLISTING +0 leather armour of cold resistance
                  | (108 gold, have 0).
   308 | D:1      | 308 ||| SHOPLISTING +0 pair of gloves (54 gold, have 0).
   308 | D:1      | 308 ||| SHOPLISTING +0 plate armour (276 gold, have 0).
   308 | D:1      | 308 ||| SHOPLISTING +0 ring mail (48 gold, have 0).
   308 | D:1      | 308 ||| SHOPLISTING +0 scale mail of cold resistance (132
                  | gold, have 0).
   308 | D:1      | 308 ||| SHOPLISTING +5 scale mail "Esiguwk" {rC+ rCorr
                  | Int-3} (507 gold, have 0).
   337 | D:1      | 337 ||| Stepping ~*~*~tactically~*~*~ (stealth).
   339 | D:1      | 339 ||| Stepping ~*~*~tactically~*~*~ (stealth).
   345 | D:1      | 345 ||| Stepping ~*~*~tactically~*~*~ (stealth).
   346 | D:1      | 346 ||| Stepping ~*~*~tactically~*~*~ (stealth).
   347 | D:1      | 347 ||| Stepping ~*~*~tactically~*~*~ (stealth).
   349 | D:1      | 349 ||| Stepping ~*~*~tactically~*~*~ (stealth).
   386 | D:1      | Reached skill level 1 in Dodging
   669 | D:1      | 669 ||| Stepping ~*~*~tactically~*~*~ (stealth).
   676 | D:1      | 676 ||| Stepping ~*~*~tactically~*~*~ (stealth).
   731 | D:1      | 731 ||| Stepping ~*~*~tactically~*~*~ (stealth).
   757 | D:1      | 757 ||| Stepping ~*~*~tactically~*~*~ (stealth).
   761 | D:1      | 761 ||| Stepping ~*~*~tactically~*~*~ (stealth).
   762 | D:1      | 762 ||| Stepping ~*~*~tactically~*~*~ (stealth).
   772 | D:1      | 772 ||| Stepping ~*~*~tactically~*~*~ (stealth).
  1341 | D:1      | 1341 ||| UPGRADING to +0 scale mail.
  1351 | D:1      | 1351 ||| DROPPING +0 robe.
  1352 | D:1      | 1352 ||| UPGRADING to +0 chain mail.
  1362 | D:1      | 1362 ||| DROPPING +0 scale mail.
  1363 | D:1      | 1363 ||| UPGRADING to amulet of regeneration.
  1368 | D:1      | 1368 ||| READING scroll labelled KEOGUW DIBBO.
  1369 | D:1      | 1369 ||| READING 2 scrolls labelled YLEXEG KEUDOV.
  1370 | D:1      | 1370 ||| READING scroll labelled YHOKOE FICHYSI.
  1371 | D:1      | 1371 ||| READING scroll labelled YLED APNINAULO.
  1375 | D:1      | 1375 ||| READING scroll labelled CEUSUETW BAPSA.
  1376 | D:1      | 1376 ||| READING scroll labelled HOL ZIWKEUFOIHE.
  1377 | D:1      | 1377 ||| DROPPING scroll of fog.
  1402 | D:2      | 1402 ||| INVOKING Fiery Armour.
  1407 | D:2      | Gained mutation: A meltable shield of frost defends you.
                  | (SH +0) [demonic ancestry]
  1407 | D:2      | Reached XP level 3. HP: 22/29 MP: 4/4
  1409 | D:2      | 1409 ||| STAIRDANCE
  1436 | D:2      | Reached skill level 1 in Armour
  1560 | D:2      | 1560 ||| Stepping ~*~*~tactically~*~*~ (stealth).
  1618 | D:2      | 1618 ||| Stepping ~*~*~tactically~*~*~ (stealth).
  1620 | D:2      | 1620 ||| Stepping ~*~*~tactically~*~*~ (stealth).
  1628 | D:2      | 1628 ||| Stepping ~*~*~tactically~*~*~ (stealth).
  1629 | D:2      | 1629 ||| Stepping ~*~*~tactically~*~*~ (stealth).
  1661 | D:2      | Reached skill level 4 in Axes
  1661 | D:2      | Gained mutation: A meltable icy envelope protects you from
                  | harm. (AC +0) [demonic ancestry]
  1661 | D:2      | Reached XP level 4. HP: 28/35 MP: 5/5
  1986 | D:2      | Noticed Jessica
  1987 | D:2      | 1987 ||| Stepping ~*~*~tactically~*~*~ (stealth).
  1993 | D:2      | Killed Jessica
  2082 | D:2      | 2082 ||| READING 2 scrolls labelled KESTYRU ITIOL.
  2083 | D:2      | 2083 ||| READING 2 scrolls labelled REDAMU LAOTA.
  2184 | D:2      | 2184 ||| DROPPING scroll of blinking.
  2185 | D:2      | 2185 ||| DROPPING scroll of silence.
  2216 | D:3      | 2216 ||| STAIRDANCE
  2329 | D:3      | 2329 ||| Stepping ~*~*~tactically~*~*~ (hiding).
  2343 | D:3      | Gained mutation: You have a moderately thin skeletal
                  | structure. (Dex +4, Stealth++) [demonic ancestry]
  2343 | D:3      | Reached XP level 5. HP: 30/41 MP: 6/6
  2353 | D:3      | HP: 6/41 [orc wizard/magic dart (5)]
  2354 | D:3      | Reached skill level 5 in Axes
  2358 | D:3      | HP: 6/41 [orc priest/+0 club (3)]
  2358 | D:3      | HP: 1/41 [orc wizard/+0 dagger (3)]
  2359 | D:3      | 2359 ||| INVOKING Fiery Armour.
  2360 | D:3      | Killed from afar by an orc wizard

Levels and vault maps discovered:
D:1:      elethiomel_arrival_infinity_welcomes_careful_drivers, layout_basic,
          serial_shops, nicolae_diamond_shop,
          hellmonk_ecumenical_altar_arch_garden, minmay_hexomino_c4
D:2:      layout_basic, uniq_jessica
D:3:      layout_basic, trog_wizard, uniq_sigmund, uniq_crazy_yiuf_cottage

Skill      XL: |  1  2  3  4  5 |
---------------+----------------+-----
Axes           | 3 4 5 |  5.0
Dodging        | 1 |  1.0
Armour         | 1 |  1.1
Fighting       | |  3.0
Spellcasting   | |  1.0
Fire Magic     | |  2.6

Action                   |  1- 3 |  4- 6 || total
-------------------------+-------+-------++-------
Melee: Hand axe          |   112 |    28 ||   140
Throw: Boomerang         |     3 |       ||     3
Invok: Fiery Armour      |     2 |     1 ||     3
  Use: Scroll            |     6 |     2 ||     8
Armor: Robe              |    18 |       ||    18
       Chain mail        |    26 |    33 ||    59
Dodge: Dodged            |    45 |    12 ||    57
Block: Other             |     3 |     2 ||     5

Table legend:
 A = Non-vault XP
 B = Vault XP
 C = Vault XP percentage of total XP
 D = Non-vault monster count
 E = Vault monster count
 F = Vault count percentage of total count
                 A         B        C        D         E       F
            +---------+---------+-------+---------+---------+-------
      Total |     173 |      50 |  22.4 |      43 |       9 |  17.3
            +---------+---------+-------+---------+---------+-------
        D:1 |      25 |      13 |  34.2 |      13 |       8 |  38.1
        D:2 |      71 |      37 |  34.3 |      23 |       1 |   4.2
        D:3 |      77 |       0 |   0.0 |       7 |       0 |   0.0
            +---------+---------+-------+---------+---------+-------
